 Dungeon Crawl Stone Soup version 0.31-a0-1002-g8e65716e6e (webtiles) character file.

Game seed: 6585781453141839009

36788 Revguard the Nimble (level 13, -4/99 HPs)
             Began as a Demonspawn Gladiator on Nov 10, 2023.
             Was a Follower of Uskayaw.
             Slain by a cyan ugly thing (15 damage)
             ... on level 15 of the Dungeon.
             The game lasted 00:40:45 (15805 turns).

Revguard the Nimble (Demonspawn Gladiator)         Turns: 15805, Time: 00:40:47

Health: -4/99      AC: 11    Str: 19    XL:     13   Next: 54%
Magic:  0/20       EV: 17    Int: 10    God:    Uskayaw [*.....]
Gold:   1493       SH:  0    Dex: 18    Spells: 12/12 levels left

rFire   + . .        g - +8 long sword "Ezxerhupu" {flame, +Blink Str+3}
rCold   . . .        (no shield)
rNeg    . . .        b - +2 ring mail {Will+}
rPois   .            (helmet restricted)
rElec   .            o - +1 cloak
rCorr   .            (no gloves)
SInv    +            (no boots)
Will    +....        (no amulet)
Stlth   +            t - ring of see invisible
HPRegen 0.36/turn    a - ring of protection from fire
MPRegen 0.34/turn

%: clarity, guardian spirit
@: hasted, very quick
A: claws 2, hooves 2, horns 2, foul stench 3, magic shield, magic regeneration,
clarity, shaggy fur 1
a: Renounce Religion, Evoke Blink, Stomp


You were on level 15 of the Dungeon.
You worshipped Uskayaw.
Uskayaw was aware of your devotion.
You visited 2 branches of the dungeon, and saw 16 of its levels.
You also visited: Sewer.

You collected 1493 gold pieces.

Inventory:

Hand Weapons
 g - the +8 long sword "Ezxerhupu" (weapon) {flame, +Blink Str+3}
   (You found it on level 4 of the Dungeon)

   Str+3:     It affects your strength (+3).
   +Blink:    It lets you blink.
 h - a +2 short sword of venom
Missiles
 d - 3 throwing nets (quivered)
 e - 12 javelins
Armour
 b - a +2 ring mail of willpower (worn)
 o - a +1 cloak (worn)
 F - a +0 troll leather armour
Jewellery
 a - a ring of protection from fire (right claw)
 t - a ring of see invisible (left claw)
 w - a ring of ice
 A - a ring of wizardry
 H - an amulet of guardian spirit
 L - a +6 ring of intelligence
 N - a ring of ice
Wands
 x - a wand of flame (59)
 z - a wand of charming (7)
 I - a wand of polymorph (19)
 M - a wand of digging (6)
Scrolls
 f - a scroll of summoning
 j - 3 scrolls of immolation
 m - 2 scrolls of enchant armour
 p - 2 scrolls of amnesia
 r - 3 scrolls of noise
 u - a scroll of identify
 y - a scroll of fog
 B - a scroll of vulnerability
 E - 2 scrolls of teleportation
 J - 2 scrolls of enchant weapon
 P - a scroll of poison
Potions
 i - 2 potions of magic
 k - 2 potions of attraction
 l - 2 potions of mutation
 n - a potion of lignification
 q - 2 potions of brilliance
 s - a potion of curing
 v - a potion of haste
 G - a potion of enlightenment
 K - a potion of resistance


   Skills:
 + Level 8.6 Fighting
 * Level 10.6 Long Blades
 - Level 1.7 Throwing
 + Level 7.2 Armour
 * Level 10.8 Dodging
 - Level 1.4 Stealth
 + Level 6.9 Unarmed Combat
 + Level 10.2 Invocations
 + Level 7.9 Evocations


You had 12 spell levels left.
You didn't know any spells.
Your spell library contained the following spells:

 Spells                   Type           Power      Damage    Failure   Level
 Apportation              Tloc           0%         N/A       52%         1
 Freeze                   Ice            0%         1d3       52%         1
 Necrotise                Necr           0%         1d4       52%         1
 Summon Small Mammal      Summ           0%         N/A       52%         1
 Blink                    Tloc           0%         N/A       67%         2
 Cigotuvi's Dreadful Rot  Necr/Pois/Air  0%         N/A       67%         2
 Poisonous Vapours        Pois/Air       0%         N/A       67%         2
 Frozen Ramparts          Ice            0%         1d1       88%         3
 Hailstorm                Conj/Ice       0%         3d3       88%         3
 Ignite Poison            Fire/Tmut/Pois 0%         N/A       88%         3
 Mephitic Cloud           Conj/Pois/Air  0%         N/A       88%         3
 Manifold Assault         Tloc           0%         N/A       99%         4
 Freezing Cloud           Conj/Ice/Air   0%         6-21      100%        5


Dungeon Overview and Level Annotations

Branches:
Dungeon (15/15)            Temple (1/1) D:7            Lair (0/5) D:10
    Orc (0/2) D:12         Vaults (0/5) D:14         Depths (0/4) D:15
  Sewer (visited)

Altars:
Ashenzari
Cheibriados
Dithmenos
Fedhas
Gozag
Hepliaklqana
Kikubaaqudgha
Makhleb
Nemelex Xobeh
Okawaru
Qazlal
Ru
Sif Muna
Trog
Uskayaw
Vehumet
Wu Jian
Xom
Yredelemnul

Portals:
Gauntlet: D:15

Annotations:
D:14 1 runed translucent door


Innate Abilities, Weirdness & Mutations

You have very sharp fingernails.
You have hoof-like feet.
You have a pair of horns on your head.
You frequently emit foul miasma when damaged in melee.
When hurt, damage is shared between your health and your magic reserves.
You regenerate magic rapidly.
You possess an exceptional clarity of mind.
You are covered in fur. (AC +1)


Message History

You slash the cyan ugly thing! You burn the cyan ugly thing.
You kick the cyan ugly thing.
Your headbutt misses the cyan ugly thing.
The cyan ugly thing is moderately wounded.
The cyan ugly thing headbutts you but does no damage.
The cyan ugly thing claws you. The cyan ugly thing shocks you!
You emit a cloud of foul miasma!
Aiming: Charm
Press: ? - help, Shift-Dir - straight line, f - cyan ugly thing
Aim: a cyan ugly thing (moderately wounded, chance to affect: 50%)
The cyan ugly thing resists with some effort.
The cyan ugly thing basks in the mutagenic energy from its kin and changes!
The cyan ugly thing is engulfed in dark miasma.
The cyan ugly thing is poisoned.
The cyan ugly thing claws you. The cyan ugly thing shocks you!
* * * LOW HITPOINT WARNING * * *
You blink.
The cyan ugly thing basks in the mutagenic energy from its kin and changes!
The cyan ugly thing is engulfed in dark miasma.
The cyan ugly thing looks even sicker.
The cyan ugly thing seems to slow down.
The cyan ugly thing is no longer moving slowly.
The cyan ugly thing tentacle-slaps you.
* * * LOW HITPOINT WARNING * * *
The cyan ugly thing shocks you!
* * * LOW HITPOINT WARNING * * *
You feel better.
You feel yourself speed up. The cyan ugly thing tail-slaps you.
* * * LOW HITPOINT WARNING * * *
The cyan ugly thing shocks you!
* * * LOW HITPOINT WARNING * * *
You feel better.
You barely miss the cyan ugly thing.
The cyan ugly thing tail-slaps you but does no damage.
You barely miss the cyan ugly thing.
You feel ready to blink again.
The cyan ugly thing basks in the mutagenic energy from its kin and changes!
The cyan ugly thing tail-slaps you.
* * * LOW HITPOINT WARNING * * *
The cyan ugly thing shocks you!
You die...

#$..∩...*,,,,****
#.......****,,,,*
#......#* **,,,+
******#......#
*,,,*
*,,,,,+......#
*****
*,***##Qu.u..# *,*
#uu....#* *,*
#u####.####
*,***#@# #....#
#......# #....#
######## #....#
*********#....#
*,,,,,,,,+....####
*,,,,,,**#.......#
****,,,,,,*
#....##.####
*,,,,,,,***
###+#..†...#
*,,,,,,,*
#...#.##.#


You could see 4 ugly things and a tengu warrior.

Vanquished Creatures
  Kirke (D:14)
  Snorg (D:12)
  The ghost of Zigma the Grappler, a journeyman DrSh of Yredelemnul (D:11)
  The ghost of b0ghi87 the Blocker, a journeyman MiFi of Makhleb (D:11)
  An entropy weaver (D:14)
  A fire dragon (D:14)
  A hydra (D:15)
  A peacekeeper (D:14)
  5 centaur warriors
  6 two-headed ogres
  A tengu warrior (D:14)
  A dancing weapon (D:11)
  Urug (D:12)
  4 skeletal warriors (D:14)
  An arcanist (D:14)
  A manticore (D:14)
  2 deep elf pyromancers
  2 ugly things
  2 cyclopes
  2 gargoyles
  An orange demon (D:11)
  3 kobold demonologists (D:11)
  A komodo dragon (D:11)
  2 tengu conjurers
  3 meliai (D:13)
  A queen bee (shapeshifter) (D:13)
  6 trolls
  A hellwing (D:11)
  2 hornets
  A vampire (D:10)
  A centaur simulacrum (D:14)
  3 wyverns
  3 shadows
  A wraith (D:12)
  A basilisk (D:14)
  A ynoxinul (D:11)
  7 hogs (D:14)
  33 yaks
  A hog (shapeshifter) (D:14)
  A chaos spawn (D:11)
  5 vampire mosquitoes
  A steam dragon (D:10)
  2 acid dragons (D:12)
  2 water moccasins
  5 orc warriors
  4 black bears
  An ice beast (D:7)
  16 centaurs
  A phantom (D:5)
  4 kobold brigands
  3 bullfrogs
  A scorpion (D:7)
  4 killer bees (D:8)
  4 howler monkeys
  A crimson imp (D:11)
  A jelly (D:5)
  10 orc priests
  Crazy Yiuf (D:2)
  An iron imp (D:11)
  2 sleepcaps
  3 iguanas (D:4)
  13 orc wizards
  Robin (D:3)
  6 adders
  3 gnolls (D:3)
  A river rat (D:4)
  A shadow imp (D:6)
  A white imp (D:6)
  2 ufetubi (D:6)
  2 worms
  2 dart slugs
  37 orcs
  11 ball pythons
  2 endoplasms
  4 giant cockroaches
  27 goblins
  7 hobgoblins
  10 jackals
  3 quokkas
  2 bats
  10 frilled lizards
  15 kobolds
  4 rats
  2 rat zombies (D:9)
347 creatures vanquished.

Vanquished Creatures (others)
  An orc wizard (D:14)
1 creature vanquished.

Grand Total: 348 creatures vanquished

Notes
Turn   | Place    | Note
-------+----------+-------------------------------------------
     0 | D:1      | Revguard the Demonspawn Gladiator began the quest for the
                  | Orb.
     0 | D:1      | Reached XP level 1. HP: 16/16 MP: 1/1
   220 | D:1      | Discovered your monstrous ancestry.
   220 | D:1      | Gained mutation: You have a pair of small horns on your
                  | head. [demonic ancestry]
   220 | D:1      | Reached XP level 2. HP: 18/22 MP: 2/2
   815 | D:2      | Reached skill level 1 in Invocations
   901 | D:2      | Found a runed translucent door.
   902 | D:2      | Noticed Crazy Yiuf
   911 | D:2      | Killed Crazy Yiuf
   912 | D:2      | Gained mutation: You have a pair of horns on your head.
                  | [demonic ancestry]
   912 | D:2      | Reached XP level 3. HP: 28/28 MP: 3/3
  1452 | D:3      | Gained mutation: You may rarely emit foul miasma when
                  | damaged in melee. [demonic ancestry]
  1452 | D:3      | Reached XP level 4. HP: 21/34 MP: 5/5
  1453 | D:3      | Reached skill level 1 in Armour
  1484 | D:3      | Reached skill level 1 in Evocations
  2073 | D:3      | Reached XP level 5. HP: 35/40 MP: 6/6
  2191 | D:3      | Noticed Robin
  2209 | D:3      | Reached skill level 1 in Stealth
  2214 | D:3      | Killed Robin
  2480 | D:3      | Gained mutation: You possess an exceptional clarity of
                  | mind. [potion of mutation]
  2480 | D:3      | Lost mutation: You possess an exceptional clarity of mind.
                  | [potion of mutation]
  2480 | D:3      | Gained mutation: You are covered in fur. (AC +1) [potion of
                  | mutation]
  2480 | D:3      | Gained mutation: You possess an exceptional clarity of
                  | mind. [potion of mutation]
  2539 | D:4      | Identified the +8 long sword "Ezxerhupu" {flame, +Blink
                  | Str+3}
  2556 | D:4      | Found a glowing drain.
  2664 | Sewer    | Entered a sewer
  2821 | Sewer    | Gained mutation: You have sharp fingernails. [demonic
                  | ancestry]
  2821 | Sewer    | Reached XP level 6. HP: 41/47 MP: 7/7
  3288 | D:4      | Found a sacrificial altar of Ru.
  3683 | D:5      | Entered Level 5 of the Dungeon
  3693 | D:5      | Noticed a shadow
  3700 | D:5      | Killed a shadow
  3701 | D:5      | Reached skill level 1 in Unarmed Combat
  3701 | D:5      | Gained mutation: You regenerate magic rapidly. [demonic
                  | ancestry]
  3701 | D:5      | Reached XP level 7. HP: 41/52 MP: 9/9
  3930 | D:5      | Found a bloodstained altar of Trog.
  4471 | D:6      | Identified the "Amilimi"
  4471 | D:6      | Identified the "Ziyfaec"
  4471 | D:6      | Identified the "Mosunog"
  4710 | D:6      | Found an ornate altar of the Wu Jian Council.
  4763 | D:6      | Found a hazy altar of Hepliaklqana.
  4795 | D:6      | Found a broken altar of Ashenzari.
  4965 | D:6      | Found a shimmering blue altar of Sif Muna.
  5120 | D:7      | Reached skill level 5 in Dodging
  5120 | D:7      | Gained mutation: You sometimes emit foul miasma when
                  | damaged in melee. [demonic ancestry]
  5120 | D:7      | Reached XP level 8. HP: 29/60 MP: 10/10
  5390 | D:7      | Found a staircase to the Ecumenical Temple.
  5398 | D:7      | Reached skill level 5 in Long Blades
  5417 | Temple   | Entered the Ecumenical Temple
  5429 | Temple   | Became a worshipper of Uskayaw the Reveller
  5504 | D:7      | Reached * piety under Uskayaw
  5560 | D:7      | Reached ** piety under Uskayaw
  5605 | D:7      | Found a shimmering altar of Xom.
  5756 | D:7      | Found a sparkling altar of Nemelex Xobeh.
  5883 | D:7      | Identified a scroll of acquirement
  5883 | D:7      | Acquired 276 gold pieces
  5913 | D:8      | Reached *** piety under Uskayaw
  5915 | D:8      | Reached skill level 5 in Invocations
  5915 | D:8      | Gained mutation: You have large cloven feet. [demonic
                  | ancestry]
  5915 | D:8      | Reached XP level 9. HP: 65/66 MP: 10/12
  5915 | D:8      | Reached **** piety under Uskayaw
  5920 | D:8      | Reached ***** piety under Uskayaw
  6014 | D:8      | Paralysed by a hornet for 3 turns
  6023 | D:8      | Reached skill level 5 in Fighting
  6367 | D:8      | Gained mutation: You have very sharp fingernails. [demonic
                  | ancestry]
  6367 | D:8      | Reached XP level 10. HP: 52/74 MP: 10/14
  6569 | D:8      | Found an iron altar of Okawaru.
  7272 | D:9      | Reached skill level 5 in Evocations
  7481 | D:9      | Found a snail-covered altar of Cheibriados.
  7687 | D:9      | Found an ancient bone altar of Kikubaaqudgha.
  7927 | D:9      | Found a basalt altar of Yredelemnul.
  8142 | D:10     | Entered Level 10 of the Dungeon
  8163 | D:10     | Reached skill level 5 in Armour
  8204 | D:10     | Found a staircase to the Lair.
  8217 | D:10     | Gained mutation: You have hoof-like feet. [demonic
                  | ancestry]
  8217 | D:10     | Reached XP level 11. HP: 81/81 MP: 16/16
  9139 | D:10     | Found an opulent altar of Gozag.
  9482 | D:11     | Reached skill level 5 in Unarmed Combat
  9618 | D:11     | Found a transporter.
  9618 | D:11     | Identified the +7 great mace "Beastbane" {chaos, rPois}
  9618 | D:11     | Identified the +2 dire flail of Itsedwif {freeze, rPois
                  | Dex+4 Stlth+}
  9618 | D:11     | Noticed a two-headed ogre
  9618 | D:11     | Noticed a two-headed ogre
  9619 | D:11     | Noticed b0ghi87's ghost (journeyman MiFi)
  9619 | D:11     | Noticed a two-headed ogre
  9620 | D:11     | Noticed a two-headed ogre
  9621 | D:11     | Found a transporter.
  9759 | D:11     | Noticed a two-headed ogre
  9773 | D:11     | Killed a two-headed ogre
  9897 | D:11     | Noticed a cyan ugly thing
  9926 | D:11     | Killed a cyan ugly thing
 10284 | D:11     | Killed a two-headed ogre
 10286 | D:11     | Killed a two-headed ogre
 10290 | D:11     | Killed a two-headed ogre
 10290 | D:11     | Killed a two-headed ogre
 10291 | D:11     | Gained mutation: You frequently emit foul miasma when
                  | damaged in melee. [demonic ancestry]
 10291 | D:11     | Reached XP level 12. HP: 42/91 MP: 10/18
 10295 | D:11     | Killed b0ghi87's ghost
 10562 | D:12     | Noticed Snorg
 10573 | D:12     | Killed Snorg
 10686 | D:12     | Found a runed translucent door.
 10687 | D:12     | Found a shimmering altar of Xom.
 10687 | D:12     | Noticed Zigma's ghost (journeyman DrSh)
 10740 | D:12     | Found a staircase to the Orcish Mines.
 11314 | D:12     | Noticed Urug
 11328 | D:12     | Killed Urug
 11545 | D:12     | Noticed a centaur warrior
 11561 | D:12     | Killed a centaur warrior
 11917 | D:11     | Killed Zigma's ghost
 12272 | D:13     | Identified the +4 leather armour of Stoicism {Will++ MP-9}
 12671 | D:13     | Noticed a centaur warrior
 12683 | D:13     | Killed a centaur warrior
 12854 | D:13     | Reached skill level 10 in Dodging
 13106 | D:13     | Noticed a centaur warrior
 13114 | D:13     | Killed a centaur warrior
 13177 | D:13     | Noticed a centaur warrior
 13191 | D:13     | Killed a centaur warrior
 13496 | D:14     | Reached skill level 10 in Long Blades
 13615 | D:14     | Noticed Kirke
 13635 | D:14     | Gained mutation: When hurt, damage is shared between your
                  | health and your magic reserves. [demonic ancestry]
 13635 | D:14     | Reached XP level 13. HP: 61/98 MP: 16/20
 13642 | D:14     | Killed Kirke
 13981 | D:13     | HP: 4/98 [skeletal warrior/+2 glaive of freezing (14)]
 14247 | D:14     | Noticed a fire dragon
 14267 | D:14     | Killed a fire dragon
 14496 | D:14     | HP: 3/99 [entropy weaver (9)]
 14871 | D:14     | Found a gate to the Vaults.
 14880 | D:14     | Reached skill level 10 in Invocations
 15602 | D:14     | Found a runed translucent door.
 15603 | D:14     | Noticed a fire giant
 15741 | D:15     | Entered Level 15 of the Dungeon
 15794 | D:15     | Found a gate leading to a gauntlet.
 15802 | D:15     | HP: 2/99 [cyan ugly thing (15)]
 15805 | D:15     | Slain by a cyan ugly thing

Illustrated notes

Levels and vault maps discovered:
D:1:      grunt_arrival_crossed_arrows, layout_loops_ring
D:2:      layout_basic, serial_bayou_pond_e, minmay_misc_feat_enclosed,
          uniq_crazy_yiuf_cottage
D:3:      kennysheep_goblin_castle, layout_loops_cross,
          kennysheep_decorative_pillar, nicolae_hexahallways
D:4:      layout_rooms, lemuel_tele_altar, portal_sewer_entry_b,
          kennysheep_generic_room_3
D:5:      layout_cave_pods, mainiacjoe_overflow_catwalk_spiral,
          minmay_misc_feat_diagonals, minmay_fountain_box
D:6:      layout_cave_pools, marbit_many_paths, tgw_sif,
          mainiacjoe_overflow_catwalk, grunt_ashenzari_visionary
          [grunt_ashenzari_visionary_swamp, grunt_ashenzari_visionary_spider]
D:7:      layout_cave_pools, kennysheep_little_box, nemelex_spade_bored_becter,
          minmay_temple_entry_waves
D:8:      layout_loops_ring, kennysheep_okawaru_gauntlet, solitary_fountain
D:9:      layout_loops_corners, cheibriados_altar_1, yredelemnul_altar_generic,
          lemuel_zombie_altar_kikubaaqudgha
D:10:     layout_irregular_city, grunt_temple_overflow_gold_and_silver,
          mainiacjoe_overflow_cross_hatched, due_lair_maze_entry_diamond
D:11:     layout_loops_ring, gammafunk_ghost_smash,
          nicolae_demonic_statue_gallery
D:12:     layout_roguey, orc_0_dummy, ebering_ghost_xom, evilmike_minifort,
          uniq_urug, uniq_snorg
D:13:     layout_stronghold, serial_column_ruins, column_ruins_hut,
          column_ruins_grid_3, column_ruins_grid_1,
          column_ruins_corridor_corner, column_ruins_grid_1
D:14:     layout_long_grid, hellmonk_vaults_order_and_chaos, minivault_13,
          uniq_kirke
D:15:     grunt_enter_depths_snipers, layout_basic, gauntlet_entry_generic,
          portal_ice_cave_entry_ice_statue_one, solitary_fountain,
          minmay_joined_circles
Temple:   hellmonk_temple_rainy

Skill      XL: |  1  2  3  4  5  6  7  8  9 10 11 12 13 |
---------------+----------------------------------------+-----
Dodging        | 3 4 5 6 7 9 10 | 10.8
Invocations    | 1 2 3 5 6 7 8 9 10 | 10.2
Armour         | 1 2 3 4 5 6 7 |  7.2
Long Blades    | 3 4 5 6 7 9 10 | 10.6
Evocations     | 1 2 3 4 5 6 7 |  7.9
Stealth        | 1 |  1.4
Fighting       | 3 4 5 6 7 8 |  8.6
Unarmed Combat | 1 2 3 4 5 6 |  6.9
Throwing       | |  1.7

Action                     |  1- 3 |  4- 6 |  7- 9 | 10-12 | 13-15 || total
---------------------------+-------+-------+-------+-------+-------++-------
  Melee: Long sword        |    47 |    93 |   140 |   333 |   101 ||   714
         Short sword       |    60 |    79 |       |       |       ||   139
         Headbutt          |    13 |    27 |    33 |    75 |    24 ||   172
         Punch             |       |       |     5 |    14 |     9 ||    28
         Kick              |       |       |    14 |   122 |    44 ||   180
  Throw: Throwing net      |     1 |       |       |       |     1 ||     2
 Invoke: Stomp             |       |       |     1 |     2 |       ||     3
         Line Pass         |       |       |       |     1 |       ||     1
Ability: Evoke Blink       |       |       |       |       |     2 ||     2
  Evoke: Wand              |       |       |    10 |    15 |    15 ||    40
    Use: Scroll            |       |    14 |     4 |     3 |     4 ||    25
         Potion            |       |     8 |     1 |     8 |     8 ||    25
   Stab: Sleeping          |       |     3 |     2 |       |       ||     5
         Paralysed         |       |       |     5 |    32 |    11 ||    48
         Invisible         |       |       |       |     5 |       ||     5
         Held in net/web   |       |       |       |       |     1 ||     1
 Armour: Leather armour    |    70 |   120 |    45 |       |       ||   235
         Scale mail        |       |       |    38 |       |       ||    38
         Ring mail         |       |       |    27 |   290 |   124 ||   441
  Dodge: Dodged            |    68 |   178 |    99 |   331 |   111 ||   787

Table legend: (Time is in decaauts)
 A = Elapsed time spent in this place.
 B = Non-inter-level travel time spent in this place.
 C = Inter-level travel time spent in this place.
 D = Time resting spent in this place.
 E = Time spent auto-exploring this place.
 F = Levels seen in this place.
 G = Mean time per level.
                   A        B        C        D        E       F      G
               +--------+--------+--------+--------+--------+-----+--------+
         Total |  15931 |  15375 |    556 |   1575 |  11004 |  17 |  937.1 |
       Dungeon |  15306 |  14750 |    556 |   1575 |  10683 |  15 | 1020.4 |
        Temple |     28 |     28 |      0 |      0 |      0 |   1 |   28.0 |
         Sewer |    596 |    596 |      0 |      0 |    321 |   1 |  596.0 |
               +--------+--------+--------+--------+--------+-----+--------+

Top non-repeatable levels by time:
    D:14: 1844 daAuts
    D:13: 1747 daAuts
    D:11: 1553 daAuts
    D:12: 1382 daAuts
     D:9: 1178 daAuts
     D:3: 1153 daAuts
     D:8: 1070 daAuts
    D:10: 1055 daAuts
     D:5: 791 daAuts
     D:7: 775 daAuts
     D:1: 727 daAuts
     D:4: 684 daAuts
     D:2: 642 daAuts
     D:6: 637 daAuts
   Sewer: 596 daAuts
